 Dungeon Crawl Stone Soup version 0.30-a0-341-g682706514a (webtiles) character file.

Game seed: 12550215045750981513

5 Shayle the Insei (level 1, -1/18 HPs)
             Began as a Djinni Reaver on Nov 4, 2022.
             Slain by a kobold
             ... wielding a +0 short sword
              (4 damage)
             ... on level 1 of the Dungeon.
             The game lasted 00:00:44 (263 turns).

Shayle the Insei (Djinni Reaver)                     Turns: 263, Time: 00:00:44

Health: -1/18      AC:  3    Str: 11    XL:     1   Next: 88%
Gold:   0          EV: 11    Int: 14    God:
                   SH:  0    Dex: 11

rFire   + + .      SeeInvis .      - Unarmed
rCold   x . .      Faith    .    (no shield)
rNeg    . . .      Spirit   .    a - +0 leather armour
rPois   ∞          Reflect  .    (no helmet)
rElec   .          Harm     .    (no cloak)
rCorr   .          Rampage  .    (no gloves)
Will    .....                    (boots unavailable)
Stlth   +.........               (no amulet)
HPRegen 0.23/turn                (no ring)
MPRegen 0.00/turn                (no ring)

@: flying
A: sickness immunity, fire resistance 2, cold vulnerability 1, float, innate
caster, HP casting, extra vitality 1
a: no special abilities


You were on level 1 of the Dungeon.
You visited 1 branch of the dungeon, and saw 1 of its levels.

Inventory:

Armour
 a - a +0 leather armour (worn)
Scrolls
 b - a scroll of noise {unknown}
 c - a scroll of torment {unknown}


   Skills:
 + Level 2.1 Fighting
 + Level 2.3 Dodging
 + Level 0.2 Stealth
 + Level 3.0 Unarmed Combat
 + Level 2.4 Spellcasting


You couldn't memorise any spells.
You knew the following spells:

 Your Spells              Type           Power      Damage    Failure   Level
a - Kiss of Death         Conj/Necr      32%        2d7       11%         1
b - Momentum Strike       Conj/Tloc      16%        3d8       16%         2
c - Hailstorm             Conj/Ice       8%         3d4       32%         3
Your spell library was empty.

Dungeon Overview and Level Annotations

Branches:
Dungeon (1/15)

Altars:


Innate Abilities, Weirdness & Mutations

You are immune to sickness and miasma.
You are immune to poison.
Your flesh is very heat resistant. (rF++)
You are vulnerable to cold. (rC-)
You float through the air rather than walking.
You learn spells naturally, not from books.
Your magical power is your life essence.
You have superior vitality. (+4 MHP)


Message History

You barely miss the goblin. You closely miss the goblin. You punch the goblin.
You kill the goblin!
Things that are here:
a +0 dagger; a goblin corpse
Found a dagger.
A kobold and a quokka come into view.
The kobold shouts!
The kobold hits you but does no damage.
You closely miss the kobold.
The kobold hits you with a +0 short sword.
You hit the kobold.
The kobold is heavily wounded.
The kobold hits you with a +0 short sword.
An endoplasm comes into view.
You barely miss the kobold.
The kobold is heavily wounded.
The endoplasm quivers.
The kobold hits you with a +0 short sword.
You barely miss the kobold. Your punch misses the kobold.
The kobold is heavily wounded.
The kobold hits you with a +0 short sword.
The endoplasm hits you but does no damage.
The endoplasm attacks as you move away!
The endoplasm hits you but does no damage.
The endoplasm attacks as you move away! The endoplasm barely misses you.
The endoplasm attacks as you move away! The endoplasm hits you.
The kobold attacks as you move away!
The kobold hits you with a +0 short sword.
* * * LOW HITPOINT WARNING * * *
The kobold attacks as you move away!
The kobold hits you with a +0 short sword.
* * * LOW HITPOINT WARNING * * *
Found a club.
Unknown command.
You aren't carrying any potions.
You barely miss the kobold.
The kobold is moderately wounded.
The kobold hits you with a +0 short sword.
You die...

.......#### ....$.)#.. . )#
......#.###. . #
.........#.# . #. #...##.#.#
#.#.###.r......# #########
.........###.#.# #.......#
.##.#.##r###.#.# #.....#.#
.........JK@...# ###.# #.#.#
.#......###.### #...# #....
# #####.####.# #...###...#
#. #.........# #.........#
#.##.##.##########..##..#.##
#.......# #......####.#
###...### #.##...####.#
#...# #.##........## #...#
######....#........


You could see an endoplasm, a quokka and a kobold.

Vanquished Creatures
  A hobgoblin (D:1)
  A quokka (D:1)
  A bat (D:1)
  2 goblins (D:1)
5 creatures vanquished.

Notes
Turn   | Place    | Note
-------+----------+-------------------------------------------
     0 | D:1      | Shayle the Djinni Reaver began the quest for the Orb.
     0 | D:1      | Shayle set off with the following spells memorised: Kiss of
                  | Death, Momentum Strike, Hailstorm.
     0 | D:1      | Reached XP level 1. HP: 18/18 MP: 0/0
   263 | D:1      | Slain by a kobold

Illustrated notes

Levels and vault maps discovered:
D:1:      minmay_arrival_hallway, layout_loops_cross,
          chequers_ecumenical_altar_simple

Action                   || total
-------------------------++-------
Melee: Unarmed           ||    27
       Punch             ||     1
Armor: Leather armour    ||    11
Dodge: Dodged            ||    17

Table legend: (Time is in decaauts)
 A = Elapsed time spent in this place.
 B = Non-inter-level travel time spent in this place.
 C = Inter-level travel time spent in this place.
 D = Time resting spent in this place.
 E = Time spent auto-exploring this place.
 F = Levels seen in this place.
 G = Mean time per level.
                   A        B        C        D        E       F      G
               +--------+--------+--------+--------+--------+-----+--------+
         Total |    261 |    261 |      0 |     32 |    161 |   1 |  261.0 |
       Dungeon |    261 |    261 |      0 |     32 |    161 |   1 |  261.0 |
               +--------+--------+--------+--------+--------+-----+--------+

Top non-repeatable levels by time:
     D:1: 261 daAuts
